 Dungeon Crawl Stone Soup version 0.22.1-1-ga44c0e5 (webtiles) character file.

18410 suicidejoker the Fighter (level 12, 0/98 HPs)
             Began as a Demonspawn Fighter on Sept 25, 2018.
             Was an Initiate of Gozag.
             Slain by a very large slime creature (60 damage)
             ... on level 13 of the Dungeon.
             The game lasted 00:38:45 (12541 turns).

suicidejoker the Fighter (Demonspawn Fighter)      Turns: 12541, Time: 00:38:48

Health: 0/98       AC: 13    Str: 14    XL:     12   Next: 27%
Magic:  12/12      EV: 16    Int: 10    God:    Gozag
Gold:   1054       SH: 15    Dex: 20    Spells: 11/11 levels left

rFire    + . .     SeeInvis .   G - +2 morningstar (vamp)
rCold    . . .     Gourm    .   c - +3 shield
rNeg     . . .     Faith    .   H - +0 troll leather armour
rPois    .         Spirit   .   t - +2 helmet
rElec    +         Reflect  .   m - scarf {repulsion}
rCorr    .         Harm     .   (no gloves)
MR       ++...                  (no boots)
Stlth    ++++......             n - amulet of regeneration
HPRegen  1.06/turn              Q - ring "Meixiati" {rElec MR++ EV+2 Str-5 Stlth+}
MPRegen  0.13/turn              (no ring)

@: agile, gold aura, repel missiles
A: talons 2, molten scales 3, powered by pain 3
a: Potion Petition, Call Merchant, Bribe Branch, Renounce Religion


You were on level 13 of the Dungeon.
You worshipped Gozag.
Gozag was most pleased with you.
You were not hungry.

You visited 1 branch of the dungeon, and saw 13 of its levels.

You collected 2772 gold pieces.
You paid 1718 gold pieces to Gozag.

Inventory:

Hand Weapons
 F - a -2 spear of venom
 G - a +2 vampiric morningstar (weapon)
 K - a +2 shortbow of velocity
Missiles
 e - a throwing net (quivered)
 L - 26 arrows
Armour
 c - a +3 shield (worn)
 m - a scarf of repulsion (worn)
 t - a +2 helmet (worn)
 u - a +1 chain mail of fire resistance
 v - a +2 chain mail of poison resistance
 z - a +2 cloak
 H - a +0 troll leather armour (worn)
Jewellery
 n - an amulet of regeneration (around neck)
 Q - the ring "Meixiati" (left hand) {rElec MR++ EV+2 Str-5 Stlth+}
   (You found it on level 13 of the Dungeon)

   [ring of evasion]

   It affects your evasion (+2).
   It affects your strength (-5).
   It insulates you from electricity.
   It affects your resistance to hostile enchantments.
   It makes you more stealthy.
Wands
 p - a wand of enslavement (15)
 r - a wand of random effects (67)
 y - a wand of digging (11)
 M - a wand of iceblast (5)
 N - a wand of disintegration (4)
Scrolls
 a - a scroll of silence {unknown}
 b - a scroll of vulnerability {unknown}
 g - 3 scrolls of blinking
 h - a scroll of fog
 i - 5 scrolls of identify
 j - 10 scrolls of remove curse
 k - 5 scrolls of teleportation
 s - a scroll of summoning {unknown}
 A - a scroll of fear
 B - 2 scrolls of enchant armour
 I - a scroll of brand weapon {unknown}
 P - a scroll of amnesia {unknown}
Potions
 d - 2 potions of magic {unknown}
 l - 5 potions of brilliance
 q - a potion of lignification
 w - 2 potions of curing
 x - a potion of agility
 C - 2 potions of cancellation {unknown}
 D - a potion of flight
 E - 2 potions of ambrosia {unknown}
 J - a potion of haste
Miscellaneous
 O - a phial of floods
Comestibles
 f - 12 rations


   Skills:
 + Level 10.3 Fighting
   Level 7.5 Long Blades
 * Level 7.4 Maces & Flails
 + Level 9.5 Armour
 + Level 9.5 Shields


You had 11 spell levels left.
You didn't know any spells.
Your spell library contained the following spells:

 Spells                   Type           Power        Failure   Level  Hunger
 Magic Dart               Conj           #...         67%         1    ##.....
 Summon Butterflies       Summ           #.......     67%         1    ##.....
 Blink                    Tloc           N/A          80%         2    ###....
 Call Imp                 Summ           #.......     80%         2    ###....
 Slow                     Hex            #.......     80%         2    ###....
 Call Canine Familiar     Summ           #.......     95%         3    ####...
 Conjure Flame            Conj/Fire      #.......     95%         3    ####...
 Mephitic Cloud           Conj/Pois/Air  #.......     95%         3    ####...
 Summon Ice Beast         Ice/Summ       #.......     100%        4    #####..
 Summon Mana Viper        Hex/Summ       #.......     100%        5    ######.
 Summon Hydra             Summ           #.........   100%        7    #######


Dungeon Overview and Level Annotations

Branches:
Dungeon (13/15)              Lair (0/6) D:10            Orc (0/2) D:12
 Temple: D:4-7       Vaults: D:13-14

Altars:
Ashenzari
Cheibriados
Dithmenos
Gozag
Hepliaklqana
Kikubaaqudgha
Qazlal
Wu Jian
Yredelemnul
The Shining One

Annotations:
D:5 1 runed door, Jclef's ghost, novice MiFi


Innate Abilities, Weirdness & Mutations

You have razor-sharp toenails.
You are completely covered in molten scales. (AC +4, rF+)
You are powered by pain.


Message History

You block the very large slime creature's attack.
Evoke which item? (* to show all) (? for menu, Esc to quit)
Aiming: Disintegrate
Press: ? - help, Shift-Dir - straight line, f/p - very large slime creature
Aim: a very large slime creature (noxious fumes, lightly wounded, chance to The very large slime creature is blasted.
You block the very large slime creature's attack.
A slime creature comes into view.
You completely miss the very large slime creature.
You claw the very large slime creature.
The very large slime creature is lightly wounded.
Something hits the slime creature but does no damage.
The very large slime creature completely misses you.
You puncture the very large slime creature!
You claw the very large slime creature.
The very large slime creature is moderately wounded.
The very large slime creature hits you!!!
Ouch! That really hurt!
You die...
Your body crumbles into a pile of gold.

###..........## #.
##........## ##.. $
##### ###.....##
#.... ....##
##...######...
.....### ##### #§§§..
.......## #§§J#
........## #§§#
.........## #J#
..........# #@##
..........# ##..##
..........# #....##
..........# ##.....#
..........# ##......+
..........###.......#
..........##.......##
..................##
.......<.....###.##


You could see a very large slime creature and a slime creature.

Vanquished Creatures
  3 two-headed ogres
  4 slime creatures (D:13)
  An unseen horror (D:12)
  Nergalle (D:10)
  Pikel (D:7)
  2 manticores
  Psyche (D:9)
  A gargoyle (D:12)
  5 trolls
  Grinder (D:6)
  8 hippogriffs
  Sigmund (D:3)
  2 wyverns (D:10)
  A wraith (D:13)
  A shadow (D:13)
  10 yaks
  A tarantella (shapeshifter) (D:13)
  Grum (D:9)
  A human (shapeshifter) (D:13)
  2 hungry ghosts
  3 hogs (D:10)
  A human (D:10)
  3 water moccasins (D:10)
  Duvessa (D:4)
  A sky beast (D:12)
  2 slaves (D:7)
  4 ice beasts
  2 phantoms
  2 orc warriors
  3 black bears
  An eye of draining (D:9)
  2 ogres
  2 necrophages
  5 wolves
  4 centaurs
  A gnoll sergeant (D:10)
  6 bullfrogs
  Dowan (D:4)
  A scorpion (D:5)
  4 wights (D:9)
  An electric eel (D:10)
  8 howler monkeys
  9 crimson imps
  3 bullfrog zombies
  A quasit (D:8)
  6 jellies
  5 orc priests
  11 orc wizards
  2 centaur skeletons
  2 gnoll shamans
  15 hounds
  A bullfrog skeleton (D:5)
  Jessica (D:3)
  Ijyb (D:3)
  Natasha (thrice) (D:4)
  7 worker ants
  4 iguanas
  A hound skeleton (D:4)
  Robin (D:3)
  16 adders
  15 gnolls
  3 shadow imps
  3 oozes
  An adder zombie (D:7)
  An adder skeleton (D:8)
  A worm (D:2)
  2 dart slugs (D:2)
  9 leopard geckos
  31 orcs
  2 ball pythons
  7 bats
  8 giant cockroaches
  13 goblins
  8 hobgoblins
  4 jackals
  2 quokkas
  6 frilled lizards
  7 kobolds
  6 rats
324 creatures vanquished.

Vanquished Creatures (others)
  A slave (D:7)
  A hungry ghost (D:7)
  An orc (D:4)
  A jackal skeleton (D:7)
  A leopard gecko zombie (D:7)
  A withered plant (D:5)
6 creatures vanquished.

Grand Total: 330 creatures vanquished

Notes
Turn   | Place    | Note
-------+----------+-------------------------------------------
     0 | D:1      | suicidejoker the Demonspawn Fighter began the quest for the
                  | Orb.
     0 | D:1      | Reached XP level 1. HP: 18/18 MP: 1/1
   198 | D:1      | Gained mutation: You sometimes gain a little power by
                  | taking damage. [demonic ancestry]
   198 | D:1      | Reached XP level 2. HP: 20/24 MP: 2/2
   974 | D:2      | Reached XP level 3. HP: 26/29 MP: 3/3
  2003 | D:3      | Gained mutation: You sometimes gain power by taking damage.
                  | [demonic ancestry]
  2003 | D:3      | Reached XP level 4. HP: 35/35 MP: 4/4
  2148 | D:3      | Found an ornate altar of the Wu Jian Council.
  2149 | D:3      | Found a shattered altar of Ashenzari.
  2152 | D:3      | Found a stormy altar of Qazlal.
  2173 | D:3      | Noticed Robin
  2219 | D:3      | Killed Robin
  2586 | D:3      | Found an opulent altar of Gozag.
  2623 | D:3      | Found a snail-covered altar of Cheibriados.
  2651 | D:3      | Became a worshipper of Gozag Ym Sagoz the Greedy
  2685 | D:3      | Noticed Sigmund
  2695 | D:3      | Killed Sigmund
  2695 | D:3      | Reached skill level 4 in Fighting
  2695 | D:3      | Reached XP level 5. HP: 32/42 MP: 5/5
  2695 | D:3      | Gained mutation: You are partially covered in molten
                  | scales. (AC +2) [demonic ancestry]
  2695 | D:3      | Reached XP level 6. HP: 37/48 MP: 6/6
  2885 | D:3      | Noticed Ijyb
  2903 | D:3      | Killed Ijyb
  2996 | D:3      | Noticed Jessica
  3003 | D:3      | Killed Jessica
  3494 | D:4      | Noticed Duvessa
  3495 | D:4      | Noticed Dowan
  3518 | D:4      | Killed Duvessa
  3536 | D:4      | Killed Dowan
  3562 | D:4      | Gained mutation: You are powered by pain. [demonic
                  | ancestry]
  3562 | D:4      | Reached XP level 7. HP: 22/55 MP: 7/7
  3806 | D:4      | Noticed Natasha
  3816 | D:4      | Killed Natasha
  3865 | D:4      | Noticed Natasha
  3886 | D:4      | Killed Natasha
  3981 | D:4      | Noticed Natasha
  3994 | D:4      | Killed Natasha
  4028 | D:5      | Entered Level 5 of the Dungeon
  4052 | D:5      | Reached skill level 5 in Fighting
  4121 | D:5      | Found a runed door.
  4123 | D:5      | Noticed Jclef's ghost (novice MiFi)
  4201 | D:5      | Reached skill level 5 in Shields
  4216 | D:5      | Gained mutation: You have sharp toenails. [demonic
                  | ancestry]
  4216 | D:5      | Reached XP level 8. HP: 56/63 MP: 8/8
  4226 | D:5      | Reached skill level 5 in Armour
  4350 | D:5      | Found a shadowy altar of Dithmenos.
  4351 | D:5      | Found a glowing golden altar of the Shining One.
  4738 | D:4      | Reached skill level 5 in Long Blades
  4990 | D:6      | Reached skill level 6 in Fighting
  5068 | D:6      | Found a basalt altar of Yredelemnul.
  5120 | D:6      | Noticed Grinder
  5126 | D:6      | Paralysed by Grinder for 4 turns
  5141 | D:6      | Paralysed by Grinder for 2 turns
  5146 | D:6      | Killed Grinder
  5611 | D:7      | Noticed a hippogriff
  5611 | D:7      | Noticed Pikel
  5639 | D:7      | Killed Pikel
  5639 | D:7      | Gained mutation: You are mostly covered in molten scales.
                  | (AC +3) [demonic ancestry]
  5639 | D:7      | Reached XP level 9. HP: 50/71 MP: 9/9
  5643 | D:7      | Reached skill level 7 in Fighting
  5879 | D:7      | Found an ancient bone altar of Kikubaaqudgha.
  6043 | D:7      | Found a shadowy altar of Dithmenos.
  6626 | D:8      | Found an ancient bone altar of Kikubaaqudgha.
  6660 | D:8      | Reached XP level 10. HP: 80/80 MP: 10/10
  6797 | D:8      | Found a hazy altar of Hepliaklqana.
  6832 | D:8      | Noticed a two-headed ogre
  6845 | D:8      | Killed a two-headed ogre
  6845 | D:8      | Reached skill level 8 in Fighting
  7612 | D:9      | Noticed Psyche
  7615 | D:9      | Paralysed by Psyche for 5 turns
  7626 | D:9      | Killed Psyche
  7789 | D:9      | Noticed Grum
  7821 | D:9      | Killed Grum
  8256 | D:9      | Reached skill level 1 in Maces & Flails
  8544 | D:10     | Entered Level 10 of the Dungeon
  8605 | D:10     | Noticed Nergalle
  8612 | D:10     | Killed Nergalle
  8719 | D:10     | Reached skill level 9 in Fighting
  8907 | D:10     | Gained mutation: You are completely covered in molten
                  | scales. (AC +4, rF+) [demonic ancestry]
  8907 | D:10     | Reached XP level 11. HP: 86/89 MP: 11/11
  9081 | D:10     | Found a staircase to the Lair.
 10037 | D:11     | Reached skill level 5 in Maces & Flails
 10133 | D:11     | Noticed a two-headed ogre
 10144 | D:11     | Killed a two-headed ogre
 10193 | D:11     | Noticed a two-headed ogre
 10202 | D:11     | Killed a two-headed ogre
 11141 | D:12     | Reached skill level 10 in Fighting
 11183 | D:12     | Found a staircase to the Orcish Mines.
 11566 | D:12     | Killed an unseen horror
 11566 | D:12     | Gained mutation: You have razor-sharp toenails. [demonic
                  | ancestry]
 11566 | D:12     | Reached XP level 12. HP: 27/97 MP: 12/12
 12333 | D:13     | Got a flickering brass ring
 12421 | D:13     | Got a transparent lead amulet
 12422 | D:13     | Identified the ring "Meixiati" {rElec MR++ EV+2 Str-5
                  | Stlth+} (You found it on level 13 of the Dungeon)
 12424 | D:13     | Identified the amulet "Todio" {+Rage rN+ Str+2} (You found
                  | it on level 13 of the Dungeon)
 12541 | D:13     | Slain by a very large slime creature

Skill      XL: |  1  2  3  4  5  6  7  8  9 10 11 12 |
---------------+-------------------------------------+-----
Long Blades    | 2 3 4 5 6 7 |  7.5
Shields        | 3 4 5 6 7 8 9 |  9.5
Armour         | 3 4 6 7 8 9 |  9.5
Fighting       | 4 5 6 7 9 10 | 10.3
Maces & Flails | 3 6 7 |  7.4

Action                   |  1- 3 |  4- 6 |  7- 9 | 10-12 || total
-------------------------+-------+-------+-------+-------++-------
Melee: Long sword        |   161 |   166 |   265 |       ||   592
       Scimitar          |       |       |   250 |   148 ||   398
       Kick              |       |       |   130 |   273 ||   403
       Morningstar       |       |       |       |   589 ||   589
Invok: Potion Petition   |       |       |     2 |     3 ||     5
Evoke: Wand              |       |       |       |    13 ||    13
  Use: Potion            |       |     7 |     4 |     6 ||    17
       Scroll            |       |       |    13 |     6 ||    19
 Stab: Invisible         |       |     3 |       |       ||     3
       Distracted        |       |       |     1 |     4 ||     5
       Confused          |       |       |       |     4 ||     4
  Eat: Chunk             |     3 |     3 |     2 |       ||     8
       Ration            |       |     1 |     3 |     9 ||    13
Armor: Scale mail        |    99 |    93 |   226 |    19 ||   437
       Plate armour      |       |       |       |   337 ||   337
       Troll leather arm |       |       |       |   140 ||   140
Dodge: Dodged            |    61 |    54 |   156 |   204 ||   475
       Deflected         |       |     1 |     3 |     7 ||    11
Block: Shield            |    82 |    94 |   329 |   656 ||  1161
       Rpst.: Long sword |    27 |    19 |    23 |       ||    69
       Scimitar          |       |       |    18 |     3 ||    21
